 Dungeon Crawl Stone Soup version 0.20.1-1-g8b1a95d (webtiles) character file.

289 Bingowings the Sneak (level 6, -15/30 HPs)
             Began as a Vine Stalker Enchanter on Sept 7, 2017.
             Killed from afar by Gelerth's ghost (18 damage)
             ... with a stone arrow
             ... on level 4 of the Dungeon.
             The game lasted 00:10:20 (3377 turns).

Bingowings the Sneak (Vine Stalker Enchanter)       Turns: 3377, Time: 00:10:21

Health: -15/30     AC:  3    Str: 12    XL:     6   Next: 31%
Magic:  0/11       EV: 12    Int: 16    God:
Gold:   169        SH:  0    Dex: 14    Spells: 6/11 levels left

rFire    . . .     SeeInvis .   a - +1 dagger
rCold    . . .     Gourm    .   (no shield)
rNeg     . . .     Faith    .   b - +1 robe
rPois    .         Spirit   +   (no helmet)
rElec    .         Reflect  .   (no cloak)
rCorr    .         Harm     .   (no gloves)
MR       .....                  (no boots)
Stlth    +++.......             (no amulet)
Regen    0.5/turn               (no ring)
MPRegen  0.2/turn               (no ring)

@: no status effects
A: fangs 2, regeneration 1, magic shield, antimagic bite, no potion heal 3, rot
immunity
a: no special abilities


You were on level 4 of the Dungeon.
You were not hungry.

You visited 2 branches of the dungeon, and saw 5 of its levels.

You collected 169 gold pieces.

Inventory:

Hand Weapons
 a - a +1 dagger (weapon)
Armour
 b - a +1 robe (worn)
Wands
 e - a wand of random effects (36/48)
 i - a wand of polymorph (9/24)
Scrolls
 f - 3 scrolls of remove curse
 m - 5 scrolls of identify
 p - a scroll of enchant armour
 q - a scroll of amnesia
Potions
 g - 3 potions of agility
 h - a potion of brilliance {unknown}
 j - 2 potions of heal wounds
 k - a potion of haste {unknown}
 l - a potion of resistance {unknown}
Books
 c - a book of Maledictions

   Spells                             Type                      Level
   a - Corona                         Hexes                        1
   b - Ensorcelled Hibernation        Hexes/Ice                    2
   c - Confuse                        Hexes                        3
   d - Tukima's Dance                 Hexes                        3
   e - Dazzling Spray                 Conjuration/Hexes            3
Comestibles
 d - 2 bread rations
 n - a royal jelly
 o - 2 meat rations


   Skills:
 + Level 1.2 Fighting
 + Level 2.2 Short Blades
 + Level 2.2 Dodging
 + Level 5.7 Stealth
 + Level 3.0 Spellcasting
 + Level 3.6 Hexes
 + Level 1.5 Ice Magic


You had 6 spell levels left.
You knew the following spells:

 Your Spells              Type           Power        Failure   Level  Hunger
b - Ensorcelled Hibernat  Hex/Ice        ##....       10%         2    ##.....
c - Confuse               Hex            ##......     13%         3    ###....


Dungeon Overview and Level Annotations

Branches:
Dungeon (4/15)             Temple (1/1) D:4

Altars:
Cheibriados
Dithmenos
Fedhas
Okawaru
Qazlal
Ru
Sif Muna
Trog
Xom
Yredelemnul
Zin
The Shining One

Shops:
D:3 *

Annotations:
D:4 Gelerth's ghost, amateur GrEE


Innate Abilities, Weirdness & Mutations

You have extremely sharp teeth.
Your natural rate of healing is unusually fast.
When hurt, damage is shared between your health and your magic reserves.
Your bite disrupts and absorbs the magic of your enemies.
Potions cannot restore your health.
You are immune to rotting.


Message History

Gelerth's ghost turns its malevolent gaze towards you.
There is a staircase to the Ecumenical Temple here.
Gelerth's ghost points at you and mumbles some strange words.
The stone arrow misses you.
The ogre shouts!
You see here a scroll of identify.
m - 5 scrolls of identify (gained 1) Gelerth's ghost gestures at you while chanting.
The stone arrow hits you!
Ouch! That really hurt!
* * * LOW HITPOINT WARNING * * *
You closely miss Gelerth's ghost. Gelerth's ghost hits you!
* * * LOW HITPOINT WARNING * * *
You closely miss Gelerth's ghost. Gelerth's ghost hits you.
* * * LOW HITPOINT WARNING * * *
Okay, then.
Gelerth's ghost gestures at you while chanting.
The stone arrow hits you!
Ouch! That really hurt!
You die...

#. #.. ....... # ... #.#
#..#... #. #..
#.#####..#...
#.##.#.#####.##.........
#............##.##..####
#....#.#....##.##..####
#..O#.#.#..............
#W#.#.#.###....#.###
#...#.@.#..# ###...#...
#..#.#.#.#.# ##.##...
#...#.#.#..# #.##...
#....#.#...# #.##...
#..........# #.##...
##########.# #.##... #.#
#.# #.# .#


You could see an ogre and Gelerth's ghost.

Vanquished Creatures
  A scorpion (D:4)
  Jessica (D:2)
  Terence (D:2)
  An iguana (D:4)
  5 adders
  3 gnolls (D:2)
  2 oozes
  2 dart slugs (D:1)
  A worm (D:3)
  3 leopard geckos
  3 giant cockroaches (D:1)
  9 goblins
  8 hobgoblins
  8 jackals
  2 quokkas (D:2)
  A ball python (D:3)
  8 bats
  3 frilled lizards (D:2)
  8 kobolds
  9 rats
79 creatures vanquished.

Notes
Turn   | Place    | Note
-------+----------+-------------------------------------------
     0 | D:1      | Bingowings the Vine Stalker Enchanter began the quest for the Orb.
     0 | D:1      | Reached XP level 1. HP: 9/9 MP: 4/4
    57 | D:1      | Reached skill level 1 in Short Blades
    57 | D:1      | Reached XP level 2. HP: 9/13 MP: 4/6
    61 | D:1      | Learned a level 2 spell: Ensorcelled Hibernation
    84 | D:1      | Reached skill level 4 in Stealth
   422 | D:1      | Reached XP level 3. HP: 12/16 MP: 5/7
   884 | D:1      | Learned a level 3 spell: Confuse
  1172 | D:2      | Noticed Jessica
  1189 | D:2      | Killed Jessica
  1189 | D:2      | Reached skill level 1 in Ice Magic
  1189 | D:2      | Gained mutation: Your natural rate of healing is unusually fast. [Vine Stalker growth]
  1189 | D:2      | Reached XP level 4. HP: 2/21 MP: 1/8
  1589 | D:2      | Noticed Terence
  1593 | D:2      | Reached XP level 5. HP: 25/25 MP: 7/10
  1636 | D:2      | Killed Terence
  2472 | D:3      | Reached skill level 1 in Fighting
  2539 | D:3      | Found a blossoming altar of Fedhas.
  2639 | D:3      | Found a stormy altar of Qazlal.
  2759 | D:3      | Reached skill level 5 in Stealth
  2915 | D:3      | Found Zin's Purification Station.
  2917 | D:3      | Found a glowing silver altar of Zin.
  3040 | D:4      | Reached XP level 6. HP: 20/30 MP: 4/11
  3113 | D:4      | Found a staircase to the Ecumenical Temple.
  3119 | D:4      | Noticed Gelerth's ghost (amateur GrEE)
  3122 | Temple   | Entered the Ecumenical Temple
  3377 | D:4      | Killed from afar by Gelerth's ghost

Skill      XL: |  1  2  3  4  5 |
---------------+----------------+-----
Short Blades   | 1 2 |  2.2
Stealth        | 4 5 |  5.7
Ice Magic      | 1 |  1.5
Dodging        | 2 |  2.2
Fighting       | 1 |  1.2
Spellcasting   | 3 |  3.0
Hexes          | |  3.6

Action                   |  1- 3 |  4- 6 || total
-------------------------+-------+-------++-------
Melee: Dagger            |   105 |   107 ||   212
       Bite              |    23 |    17 ||    40
 Cast: Ensorcelled Hiber |     9 |    18 ||    27
       Confuse           |       |     3 ||     3
  Use: Scroll            |     5 |     3 ||     8
       Potion            |     1 |       ||     1
 Stab: Sleeping          |     9 |    20 ||    29
       Confused          |       |     1 ||     1
  Eat: Bread ration      |     1 |       ||     1
       Fruit             |       |     9 ||     9
       Chunk             |       |     1 ||     1
Armor: Robe              |    23 |    17 ||    40
       Skin              |       |     6 ||     6
Dodge: Dodged            |    68 |    57 ||   125
